 Dungeon Crawl Stone Soup version 0.29.1-15-g9cfb28693d (webtiles) character file.

Game seed: 1031213633758883277

39 H0rd4k the Charlatan (level 3, 0/24 HPs)
             Began as an Octopode Artificer on Mar 3, 2023.
             Slain by a goblin
             ... wielding a +0 club
              (5 damage)
             ... on level 2 of the Dungeon.
             The game lasted 00:00:51 (1583 turns).

H0rd4k the Charlatan (Octopode Artificer)           Turns: 1583, Time: 00:00:51

Health: 0/24       AC:  1    Str: 11    XL:     3   Next: 45%
Magic:  5/5        EV: 13    Int: 15    God:
Gold:   48         SH:  0    Dex: 12    Spells: 5/5 levels left

rFire   . . .      SeeInvis .   (no weapon)
rCold   . . .      Faith    .   (no shield)
rNeg    . . .      Spirit   .   (helmet restricted)
rPois   .          Reflect  .   (no amulet)
rElec   .          Harm     .   (no ring)
rCorr   .          Rampage  .   (no ring)
Will    .....                   (no ring)
Stlth   +++.......              (no ring)
HPRegen 0.08/turn               (no ring)
MPRegen 0.09/turn               (no ring)
                                (no ring)
                                (no ring)

@: no status effects
A: almost no armour, amphibious, 8 rings, camouflage 1, gelatinous body 1,
(nimble swimmer 1), tentacles
a: no special abilities


You were on level 2 of the Dungeon.
You visited 1 branch of the dungeon, and saw 2 of its levels.

You collected 48 gold pieces.

Inventory:

Missiles
 i - 6 poisoned darts
Magical Staves
 f - a staff of fire
 h - a staff of earth
Wands
 b - a wand of flame (15) (quivered)
 c - a wand of charming (15)
 d - a wand of iceblast (5)
Scrolls
 a - a scroll of noise {unknown}
 g - a scroll of fear {unknown}
 j - a scroll of torment {unknown}
 l - 2 scrolls of identify {unknown}
 m - a scroll of magic mapping {unknown}
 n - a scroll of brand weapon {unknown}
 o - a scroll of enchant weapon {unknown}
Potions
 e - 3 potions of heal wounds {unknown}
 k - 2 potions of curing {unknown}


   Skills:
 * Level 2.2 Fighting
 - Level 2.3 Dodging
 - Level 1.3 Stealth
 + Level 0.9 Unarmed Combat
 * Level 1.5 Spellcasting
 - Level 3.2 Evocations


You had 5 spell levels left.
You didn't know any spells.
Your spell library was empty.

Dungeon Overview and Level Annotations

Branches:
Dungeon (2/15)

Altars:


Innate Abilities, Weirdness & Mutations

You cannot wear most types of armour.
You are amphibious.
You can wear up to eight rings at the same time.
Your skin changes colour to match your surroundings (Stealth+).
Your rubbery body absorbs attacks. (AC +1, EV +1)
((You are camouflaged when in or above water. (Stealth+)))
You have tentacles for arms and can constrict up to eight enemies at once.


Message History

You constrict the hobgoblin.
You kill the hobgoblin!
You see here a hobgoblin corpse.
l - 2 scrolls labelled FOXKULOUGH (gained 1)
You see here a hobgoblin corpse.
An endoplasm comes into view.
A frilled lizard comes into view.
There are monsters nearby!
There are monsters nearby!
Found a fizzy blue potion.
There are monsters nearby!
A goblin comes into view. It is wielding a +0 club.
Found a dagger and a spear.
The endoplasm quivers.
There are monsters nearby!
You miss the frilled lizard.
The frilled lizard hisses angrily.
Your grab misses the frilled lizard. You squeeze the frilled lizard.
You kill the frilled lizard!
You completely miss the goblin. Your grab misses the goblin.
The goblin closely misses you.
There are monsters nearby!
You barely miss the endoplasm. The goblin hits you with a +0 club.
The endoplasm hits you.
You tentacle-slap the endoplasm.
You squeeze the endoplasm, but do no damage.
The endoplasm is moderately wounded.
The endoplasm freezes you.
You are frozen.
The goblin hits you with a +0 club.
Unknown command.
The endoplasm attacks as you move away! The endoplasm hits you.
You tentacle-slap the endoplasm.
The endoplasm is almost dead.
The endoplasm freezes you.
You are frozen.
* * * LOW HITPOINT WARNING * * *
You tentacle-slap the endoplasm.
You kill the endoplasm!
You completely miss the goblin. You grab the goblin. You constrict the goblin.
The goblin hits you with a +0 club.
You die...

#.##.# #.# #.# ##.##
#.##.####.#####.####..### ##
#............^...>......# #.
#.#####.####.#####.#.##..#(#
#. #.......# #.# #.#.###.#.#
#. ############.#####.#.#
#.#.## #. ........†....#...#
#.#..# #. .........###.#####
#.##.####. .........# #@#
#.##....#. .........# #g#
#...###.#. ########## #.#
###.###..# #.....†.)....#
#....#.. #.###........#
####.##. #$....)..# #.##.
#........# #.... #......!.#
###.. #........# #..


You could see a goblin.

Vanquished Creatures
  An adder (D:2)
  7 ball pythons
  3 endoplasms
  2 giant cockroaches (D:1)
  4 goblins
  2 hobgoblins
  2 quokkas
  A bat (D:2)
  A frilled lizard (D:2)
  2 kobolds (D:1)
  4 rats (D:1)
29 creatures vanquished.

Notes
Turn   | Place    | Note
-------+----------+-------------------------------------------
     0 | D:1      | H0rd4k the Octopode Artificer began the quest for the Orb.
     0 | D:1      | Reached XP level 1. HP: 13/13 MP: 1/1
   282 | D:1      | Reached XP level 2. HP: 18/18 MP: 2/2
   403 | D:1      | Reached skill level 1 in Spellcasting
   903 | D:1      | Found a faded altar of an unknown god.
  1368 | D:2      | Reached XP level 3. HP: 24/24 MP: 4/4
  1583 | D:2      | Slain by a goblin

Illustrated notes

Levels and vault maps discovered:
D:1:      zaba_arrival_water, layout_rooms, ebering_ecumenical_altar_mist,
          roderic_lattice_a, minmay_hedge_maze
D:2:      layout_basic, basic_altar, uniq_sigmund

Skill      XL: |  1  2 |
---------------+-------+-----
Spellcasting   | 1 |  1.5
Fighting       | 2 |  2.2
Dodging        | |  2.3
Stealth        | |  1.3
Unarmed Combat | |  0.9
Evocations     | |  3.2

Action                   || total
-------------------------++-------
Melee: Unarmed           ||    88
       Tentacles         ||    28
       Constrict         ||    21
       Punch             ||     1
 Stab: Sleeping          ||     9
Armor: Skin              ||     3
Dodge: Dodged            ||    38
